 Dungeon Crawl Stone Soup version 0.30-a0-937-ga0a21ad780 (webtiles) character file.

Game seed: 697768052232488310

103945 jt the Apostle (level 16, -8/147 HPs)
             Began as a Hill Orc Gladiator on Mar 24, 2023.
             Was a High Priest of Beogh.
             Mangled by a spriggan rider
             ... wielding a +5 spear
              (11 damage)
             ... on level 3 of the Swamp.
             The game lasted 01:31:44 (32448 turns).

jt the Apostle (Hill Orc Gladiator)                Turns: 32448, Time: 01:31:45

Health: -8/147     AC: 24    Str: 23    XL:     16   Next: 37%
Magic:  28/31      EV:  8    Int:  8    God:    Beogh [*****.]
Gold:   1249       SH: 12    Dex: 12    Spells: 15/15 levels left

rFire   + . .      SeeInvis +    a - +3 broad axe (flame)
rCold   + . .      Faith    +    C - +0 kite shield {rN+}
rNeg    + . .      Spirit   .    y - +2 chain mail {rPois}
rPois   +          Reflect  .    T - +0 helmet of Siraudess {rElec rC+}
rElec   +          Rampage  .    H - +2 cloak
rCorr   +          Clarity  +    L - +2 pair of gloves
Will    ++...                    r - +2 pair of boots Stlth
                                 q - amulet of faith
HPRegen 0.44/turn                t - ring of resist corrosion
MPRegen 0.22/turn                e - ring "Fumuxeif" {rF+ Will+ SInv}

@: slowed, very slow
A: walk on water, clarity, electricity resistance, weak 1
a: Renounce Religion, Smiting, Recall Orcish Followers, Give Item to Named
Follower


You were on level 3 of the Swamp.
You worshipped Beogh.
Beogh was extremely pleased with you.
You visited 5 branches of the dungeon, and saw 26 of its levels.
You also visited: Bailey.

You collected 3585 gold pieces.
You spent 2336 gold pieces at shops.

Inventory:

Hand Weapons
 a - a +3 broad axe of flaming (weapon)
 h - a +1 trident of venom
 l - the +5 hand axe "Numpeph" {freeze, +Blink}
   (You found it on level 5 of the Dungeon)

   +Blink:    It lets you blink.
 U - a +5 mace of holy wrath
Missiles
 c - 3 silver boomerangs
 i - 15 javelins
 J - 5 silver javelins
 K - 23 poisoned darts (quivered)
 X - 3 throwing nets
Armour
 r - a +2 pair of boots (worn)
 y - a +2 chain mail of poison resistance (worn)
 C - a +0 kite shield of positive energy (worn)
 H - a +2 cloak (worn)
 L - a +2 pair of gloves (worn)
 T - the +0 helmet of Siraudess (worn) {rElec rC+}
   (You found it on level 13 of the Dungeon)

   rC:        It protects you from cold.
   rElec:     It insulates you from electricity.
 Z - a +2 chain mail of fire resistance
Jewellery
 e - the ring "Fumuxeif" (right hand) {rF+ Will+ SInv}
   (You bought it in a shop on level 2 of the Orcish Mines)

   [ring of willpower]

   rF:        It protects you from fire.
   SInv:      It lets you see invisible.
   Will:      It increases your willpower.
 f - a ring of protection from cold
 k - a ring of positive energy
 q - an amulet of faith (around neck)
 t - a ring of resist corrosion (left hand)
 N - a +4 ring of slaying
Wands
 v - a wand of mindburst (5)
 B - a wand of polymorph (16)
 E - a wand of iceblast (5)
 F - a wand of charming (27)
 O - a wand of quicksilver (10)
 V - a wand of flame (15)
 Y - a wand of digging (24)
Scrolls
 m - 3 scrolls of fear
 n - a scroll of enchant armour
 o - 2 scrolls of fog
 s - 5 scrolls of teleportation
 u - 5 scrolls of poison
 w - 6 scrolls of vulnerability
 A - 2 scrolls of silence
 M - 6 scrolls of magic mapping
 P - a scroll of summoning {unknown}
 R - 16 scrolls of identify
 W - 2 scrolls of blinking
Potions
 b - 3 potions of ambrosia
 g - a potion of cancellation
 j - 3 potions of haste
 x - 7 potions of flight
 z - a potion of berserk rage
 D - a potion of magic
 G - 6 potions of curing
 I - 2 potions of mutation
 Q - a potion of might
 S - a potion of heal wounds
Miscellaneous
 d - a phantom mirror


   Skills:
 - Level 14.4 Fighting
 + Level 16.8 Axes
 - Level 2.2 Throwing
 - Level 9.0 Armour
 - Level 2.4 Dodging
 + Level 13.2 Shields
 + Level 22.0 Invocations
 - Level 5.0 Evocations


You had 15 spell levels left.
You didn't know any spells.
Your spell library contained the following spells:

 Spells                   Type           Power      Damage    Failure   Level
 Kiss of Death            Conj/Necr      0%         2d5       99%         1
 Summon Small Mammal      Summ           0%         N/A       99%         1
 Blink                    Tloc           0%         N/A       100%        2
 Lesser Beckoning         Tloc           0%         N/A       100%        2
 Momentum Strike          Conj/Tloc      0%         3d8       100%        2
 Poisonous Vapours        Pois/Air       0%         N/A       100%        2
 Sublimation of Blood     Necr           0%         N/A       100%        2
 Wereblood                Tmut           0%         N/A       100%        2
 Call Canine Familiar     Summ           0%         N/A       100%        3
 Confusing Touch          Hex            0%         N/A       100%        3
 Inner Flame              Hex/Fire       0%         N/A       100%        3
 Summon Guardian Golem    Hex/Summ       0%         N/A       100%        3
 Animate Dead             Necr           0%         N/A       100%        4
 Cause Fear               Hex            0%         N/A       100%        4
 Dispel Undead            Necr           0%         3d6       100%        4
 Leda's Liquefaction      Hex/Erth       0%         N/A       100%        4
 Petrify                  Tmut/Erth      0%         N/A       100%        4
 Borgnjor's Vile Clutch   Necr/Erth      0%         N/A       100%        5
 Lee's Rapid Deconstruct  Erth           0%         3d4*      100%        5
 Death Channel            Necr           0%         N/A       100%        6
 Statue Form              Tmut/Erth      0%         N/A       100%        6
 Summon Hydra             Summ           0%         N/A       100%        7
 Discord                  Hex            0%         N/A       100%        8
 Lehudib's Crystal Spear  Conj/Erth      0%         10d2      100%        8


Dungeon Overview and Level Annotations

Branches:
Dungeon (15/15)            Temple (1/1) D:5            Lair (5/5) D:8
  Swamp (3/4) Lair:2       Spider (0/4) Lair:3        Slime (0/5) Lair:5
    Orc (2/2) D:10            Elf (0/3) Orc:2        Vaults (0/5) D:14
 Depths (0/4) D:15         Bailey (visited)

Altars:
Ashenzari
Cheibriados
Dithmenos
Elyvilon
Fedhas
Gozag
Hepliaklqana
Kikubaaqudgha
Makhleb
Nemelex Xobeh
Okawaru
Qazlal
Ru
Sif Muna
Trog
Uskayaw
Vehumet
Wu Jian
Xom
Yredelemnul
Zin
The Shining One
Jiyva

Shops:
D:2 (   Orc:2 =*[?

Portals:
Trove: D:13 (give horn of Geryon)

Annotations:
D:13 1 runed translucent door, zurenarrh's ghost, journeyman DEFE
Swamp:1 2 transporters, Sermion's ghost, journeyman DsBe


Innate Abilities, Weirdness & Mutations

You can walk on water.
You possess an exceptional clarity of mind.
You are resistant to electric shocks. (rElec)
You are weak. (Str -2)


Message History

The hornet is lightly wounded.
You completely miss the spriggan air mage.
You slash the spriggan berserker! You burn the spriggan berserker.
You block the hornet's attack.
You block the spriggan air mage's attack.
The spriggan berserker prays to Trog.
The spriggan berserker goes berserk!
You barely miss the spriggan berserker.
The spriggan berserker is heavily wounded.
You closely miss the spriggan air mage. You slash the hornet!
You burn the hornet.
The spriggan rider hits you but does no damage.
The hornet stings you but does no damage.
The spriggan berserker hits you with a +0 flail!!
The spriggan air mage hits you but does no damage.
You slash the hornet! You burn the hornet.
The hornet is almost dead.
You closely miss the spriggan berserker.
You closely miss the spriggan air mage. You block the hornet's attack.
The spriggan berserker hits you with a +0 flail!
The spriggan rider hits you from afar with a +5 spear!
The hornet stings you!
You feel yourself slow down.
Aiming: Smiting
Press: ? - help, Dir - move target, f - spriggan berserker Smite: a spriggan berserker, wielding a +0 flail and wearing a +0 animal skin (heavily wounded, berserk)
You smite the spriggan berserker!!
The spriggan berserker is severely wounded.
You block the spriggan berserker's attack.
You block the spriggan air mage's attack.
The hornet stings you!
You feel as though you will be slow longer.
The spriggan rider hits you from afar with a +5 spear!!
The spriggan berserker hits you with a +0 flail!!
* * * LOW HITPOINT WARNING * * *
You block the hornet's attack.
The spriggan air mage waves its arms in wide circles.
The air twists around and strikes you!
* * * LOW HITPOINT WARNING * * *
The spriggan rider hits you from afar with a +5 spear!
You die...

)..~.~~..~~..#....##...♣♣♣~.§..~.
~♣♣.♣~~.....##.....##..♣♣♣♣~♣~..~
♣♣♣♣..~~~.......#...#...♣..♣!♣..~
♣♣~~♣♣~..#...##......~....~~♣.
♣♣♣♣....#...#...'.....~...~..
♣♣~..##.....##..~..♣~.)..~ .
♣♣♣.. #...##.....♣...~... ♣.
~~...#.###..~.~...~.~...
.~.~.iy@....~)~~~.~~...~
.~~~..ii.....~.~~.~.....
.~..~~.~.)..~....~.~~~..
.~..~.....)§..~~~...~~.~
.~.......~~~.....~~~..~.
.~.~..~.~~......~~.§.~.
~.~..~~..~~~..~~.§~....
~....~.~~.~.§..~§.~~.
.~.~~.~~.....~~..~.


You could see a spriggan rider, a spriggan berserker (berserk), a spriggan air
mage (repels missiles) and a hornet.

Vanquished Creatures
  Gastronok (Lair:3)
  A thorn hunter (Swamp:1)
  An eleionoma (Swamp:3)
  A fire dragon (D:15)
  A vault guard (D:14)
  Harold (D:9)
  4 hydras
  Erolcha (D:13)
  6 centaur warriors
  3 ogre magi (Orc:2)
  3 alligators
  8 two-headed ogres
  4 death yaks (Lair:5)
  4 boulder beetles
  3 tengu warriors
  4 spriggans (Swamp:3)
  A pharaoh ant (Lair:3)
  6 goliath frogs
  A spriggan druid (Swamp:1)
  A wizard (D:15)
  4 swamp dragons
  4 bog bodies
  An orc knight (Orc:2)
  A deep elf pyromancer (D:14)
  13 ugly things
  An orc sorcerer (D:14)
  8 manticores
  3 will-o-the-wisps
  4 cyclopes
  Joseph (D:7)
  13 elephants
  5 black mambas
  6 cane toads
  3 komodo dragons
  An unseen horror (D:11)
  3 kobold demonologists (D:11)
  3 rime drakes
  A tengu conjurer (D:13)
  6 trolls
  2 polar bears
  7 tyrant leeches
  A tarantella (Lair:3)
  4 hornets
  4 blink frogs (Lair:3)
  6 dream sheep
  A jumping spider (Lair:3)
  4 vampires
  3 wyverns
  A wraith (D:11)
  2 shadows (D:11)
  41 yaks
  2 basilisks
  A human (D:14)
  3 steam dragons
  8 vampire mosquitoes
  A redback (Lair:3)
  Menkaure (D:7)
  2 wargs (Orc:2)
  11 swamp worms
  8 water moccasins
  Duvessa (D:7)
  3 swamp drakes
  An ice beast (D:7)
  8 orc warriors
  A sky beast (D:8)
  A black bear (D:5)
  8 ogres
  13 wolves
  15 centaurs
  A phantom (D:4)
  3 kobold brigands
  6 bullfrogs
  5 scorpions
  7 wights
  Dowan (D:7)
  20 killer bees
  4 howler monkeys
  An electric eel (Lair:5)
  A gnoll bouda (D:5)
  2 hounds
  3 jellies
  4 orc priests
  Crazy Yiuf (D:7)
  A sleepcap (D:6)
  3 iguanas
  2 orc wizards (Orc:2)
  A hell rat (Lair:3)
  4 gnolls
  5 river rats (Lair:3)
  5 adders
  2 shadow imps
  2 white imps
  2 worms (D:2)
  2 dart slugs
  29 orcs
  3 endoplasms
  5 giant cockroaches
  11 goblins
  3 hobgoblins
  16 kobolds
  5 quokkas
  3 ball pythons
  4 bats
  4 frilled lizards
  3 orc zombies (Bailey)
  10 rats
484 creatures vanquished.

Vanquished Creatures (collateral kills)
  Frances (Swamp:2)
  An eleionoma (Swamp:1)
  An ice dragon (D:15)
  3 vault guards (D:14)
  5 hydras
  2 centaur warriors
  4 catoblepae
  An ogre mage (Orc:2)
  8 two-headed ogres
  2 alligators (Swamp:1)
  2 tengu warriors (D:15)
  9 death yaks (Lair:5)
  A goliath frog (Swamp:2)
  A deep elf pyromancer (D:15)
  A wizard (D:13)
  A lindwurm (Lair:5)
  An orc knight (D:14)
  A will-o-the-wisp (Swamp:2)
  5 ugly things (D:15)
  2 manticores (Lair:5)
  5 elephants
  A cane toad (Lair:4)
  An efreet (D:14)
  A komodo dragon (Lair:4)
  A tengu conjurer (D:14)
  A tyrant leech (Swamp:1)
  A dream sheep (Lair:4)
  A slime creature (Lair:5)
  6 yaks (Lair:5)
  2 wargs
  A swamp worm (Swamp:2)
  A water moccasin (Lair:5)
  An orc warrior (D:14)
  The ghost of mopl the Chopper, an amateur HOFi (D:3)
  11 ogres (Orc:2)
  3 wolves
  5 centaurs
  A wyvern zombie (D:3)
  2 electric eels (Lair:5)
  A howler monkey (D:12)
  A jelly (Lair:5)
  A bullfrog skeleton (D:3)
  An orc wizard (D:13)
  A killer bee zombie (D:3)
  3 orcs
  A butterfly (Lair:4)
  A fungus (Lair:5)
108 creatures vanquished.

Vanquished Creatures (others)
  3 orc knights
  An orc sorcerer (Orc:2)
  2 bloated husks
  2 orc warriors (Orc:2)
  2 orc priests
  3 orc wizards
  A white imp (D:6)
  9 orcs
  20 foxfires
  28 fungi
  97 plants
168 creatures vanquished.

Grand Total: 760 creatures vanquished

Notes
Turn   | Place    | Note
-------+----------+-------------------------------------------
     0 | D:1      | jt the Hill Orc Gladiator began the quest for the Orb.
     0 | D:1      | Reached XP level 1. HP: 18/18 MP: 1/1
   104 | D:1      | Reached skill level 1 in Armour
   104 | D:1      | Reached XP level 2. HP: 24/25 MP: 2/2
   589 | D:1      | Reached XP level 3. HP: 27/31 MP: 3/3
   905 | D:2      | Reached skill level 5 in Axes
   978 | D:2      | Found a sacrificial altar of Ru.
  1036 | D:2      | Found Suijudadeu's Weapon Shop.
  1183 | D:2      | Identified the +0 robe of Youthful Indiscretion {Fly rN+
                  | Dex+4}
  1236 | D:2      | Reached XP level 4. HP: 40/40 MP: 4/4
  1405 | D:3      | Noticed mopl's ghost (amateur HOFi)
  1406 | D:3      | Found a runed translucent gate.
  1406 | D:3      | Found a runed translucent gate.
  1406 | D:3      | Found a runed translucent gate.
  1435 | D:3      | Found a faded altar of an unknown god.
  1573 | D:3      | Found a sacrificial altar of Ru.
  1578 | D:3      | Found an opulent altar of Gozag.
  1676 | D:3      | Gained mutation: You have hidden genetic defects. [potion
                  | of mutation]
  1676 | D:3      | Gained mutation: You occasionally shout uncontrollably at
                  | your foes. [potion of mutation]
  1676 | D:3      | Gained mutation: You are weak. (Str -2) [potion of
                  | mutation]
  1943 | D:3      | Gained mutation: Your body sometimes deteriorates upon
                  | taking damage. [hidden defects]
  2297 | D:4      | Noticed a scorpion
  2307 | D:4      | Killed a scorpion
  2308 | D:4      | Reached XP level 5. HP: 47/47 MP: 5/5
  2310 | D:4      | Gained mutation: You sometimes lose your temper in combat.
                  | [hidden defects]
  2310 | D:4      | Lost mutation: You have hidden genetic defects. [hidden
                  | defects expressed]
  2426 | D:4      | Noticed a phantom
  2560 | D:4      | Killed a phantom
  2561 | D:4      | Reached skill level 5 in Fighting
  2561 | D:4      | Reached XP level 6. HP: 56/56 MP: 6/6
  2919 | D:4      | Found a sparkling altar of Nemelex Xobeh.
  2987 | D:5      | Entered Level 5 of the Dungeon
  3099 | D:5      | Found a staircase to the Ecumenical Temple.
  3106 | D:5      | Identified the +5 hand axe "Numpeph" {freeze, +Blink}
  3120 | Temple   | Entered the Ecumenical Temple
  3630 | D:5      | Found a glowing silver altar of Zin.
  3752 | D:5      | Reached XP level 7. HP: 64/64 MP: 7/7
  4560 | D:6      | Noticed a steam dragon
  5045 | D:6      | Reached XP level 8. HP: 73/73 MP: 8/8
  5242 | D:6      | Found a stormy altar of Qazlal.
  6195 | D:7      | Found a flagged portal.
  6247 | Bailey   | Entered a bailey
  6274 | Bailey   | Noticed a gargoyle
  6583 | D:7      | Found a runed translucent door.
  6584 | D:7      | Noticed Crazy Yiuf
  6615 | D:7      | Noticed Joseph
  6634 | D:7      | Killed Joseph
  6635 | D:7      | Reached skill level 10 in Axes
  6635 | D:7      | Reached skill level 5 in Armour
  6635 | D:7      | Reached XP level 9. HP: 82/82 MP: 9/9
  6698 | D:7      | Noticed Menkaure
  6704 | D:7      | Killed Menkaure
  6891 | D:7      | Noticed Duvessa
  6893 | D:7      | Noticed Dowan
  6903 | D:7      | Killed Duvessa
  6904 | D:7      | Killed Dowan
  7667 | D:8      | Noticed a komodo dragon
  8019 | D:8      | Reached skill level 10 in Fighting
  8096 | D:8      | Became a worshipper of Beogh the Brigand
  8283 | D:8      | Reached XP level 10. HP: 88/94 MP: 10/10
  8771 | D:8      | Found a staircase to the Lair.
  8860 | Lair:1   | Entered Level 1 of the Lair of Beasts
  8864 | Lair:1   | Noticed a black mamba
  8895 | Lair:1   | Noticed a cane toad
  8906 | Lair:1   | Reached skill level 1 in Evocations
  8916 | Lair:1   | Killed a cane toad
  9458 | Lair:1   | Found a burning altar of Makhleb.
  9463 | Lair:1   | Noticed a black mamba
  9477 | Lair:1   | Killed a black mamba
  9747 | Lair:1   | Noticed a cane toad
  9758 | Lair:1   | Killed a cane toad
  9775 | Lair:1   | Noticed a black mamba
  9790 | Lair:1   | Killed a black mamba
  9962 | Lair:1   | Killed a black mamba
  9962 | Lair:1   | Reached * piety under Beogh
  9963 | Lair:1   | Reached XP level 11. HP: 81/104 MP: 11/11
 10518 | Lair:2   | Found a staircase to the Swamp.
 11086 | Lair:3   | Found a hole to the Spider Nest.
 11086 | Lair:3   | Noticed a pharaoh ant
 11207 | D:9      | Noticed a two-headed ogre
 11229 | D:9      | Killed a two-headed ogre
 11427 | D:9      | Identified a scroll of acquirement
 11428 | D:9      | Acquired a +2 buckler of reflection
 11521 | D:9      | Reached skill level 1 in Shields
 11974 | D:9      | Identified the +2 robe of Makudah {rN+}
 11988 | D:9      | Reached skill level 5 in Shields
 12301 | D:9      | Noticed Harold
 12315 | D:9      | Killed Harold
 12560 | D:10     | Entered Level 10 of the Dungeon
 12659 | D:10     | Reached ** piety under Beogh
 12667 | D:10     | Noticed a two-headed ogre
 12683 | D:10     | Killed a two-headed ogre
 12704 | D:10     | Found a staircase to the Orcish Mines.
 12885 | D:10     | Reached skill level 1 in Invocations
 12944 | D:10     | Reached skill level 2 in Invocations
 12944 | D:10     | Reached XP level 12. HP: 112/112 MP: 11/13
 13083 | D:10     | Reached skill level 3 in Invocations
 13334 | D:10     | Reached skill level 4 in Invocations
 14170 | D:11     | Reached skill level 5 in Invocations
 14600 | D:11     | Reached skill level 5 in Evocations
 14875 | D:11     | Reached skill level 15 in Axes
 14882 | D:11     | Reached skill level 6 in Invocations
 15048 | D:11     | Reached *** piety under Beogh
 15076 | D:11     | Reached skill level 7 in Invocations
 15195 | D:11     | Noticed a boulder beetle
 15370 | D:11     | Killed a boulder beetle
 15602 | D:11     | Reached skill level 8 in Invocations
 15833 | D:12     | Reached skill level 9 in Invocations
 15958 | D:12     | Noticed a six-headed hydra
 16129 | Lair:3   | Noticed Gastronok
 16171 | Lair:3   | Killed Gastronok
 16172 | Lair:3   | Reached skill level 10 in Invocations
 16172 | Lair:3   | Reached XP level 13. HP: 114/118 MP: 20/20
 16254 | Lair:3   | Reached skill level 11 in Invocations
 16583 | Lair:3   | Reached skill level 12 in Invocations
 16851 | Lair:3   | Reached skill level 13 in Invocations
 17868 | Lair:3   | Reached skill level 14 in Invocations
 17979 | Lair:4   | Lost mutation: Your body sometimes deteriorates upon taking
                  | damage. [potion of mutation]
 17979 | Lair:4   | Lost mutation: You occasionally shout uncontrollably at
                  | your foes. [potion of mutation]
 17979 | Lair:4   | Lost mutation: You sometimes lose your temper in combat.
                  | [potion of mutation]
 17979 | Lair:4   | Gained mutation: You are resistant to electric shocks.
                  | (rElec) [potion of mutation]
 17979 | Lair:4   | Gained mutation: You possess an exceptional clarity of
                  | mind. [potion of mutation]
 18238 | Lair:4   | Found the ring of the Mage {Wiz Archmagi}
 18435 | Lair:4   | Reached **** piety under Beogh
 18436 | Lair:4   | Reached skill level 15 in Invocations
 18918 | D:13     | Identified the +0 helmet of Siraudess {rElec rC+}
 19106 | D:13     | Reached skill level 16 in Invocations
 19206 | D:13     | Found a runed translucent door.
 19210 | D:13     | Noticed zurenarrh's ghost (journeyman DEFE)
 19242 | D:13     | You fall into a shaft and drop 2 floors!
 19242 | D:15     | Entered Level 15 of the Dungeon
 19617 | D:14     | Reached skill level 17 in Invocations
 19617 | D:14     | Reached XP level 14. HP: 109/126 MP: 26/26
 20151 | D:13     | Found a portal to a secret trove of treasure.
 20253 | D:13     | Noticed Erolcha
 20258 | D:13     | Killed Erolcha
 21605 | D:14     | Gained Arbolt as an ally
 21981 | D:14     | Found a gate to the Vaults.
 21992 | D:14     | Reached skill level 18 in Invocations
 22973 | D:15     | Found a broken altar of Ashenzari.
 23636 | D:15     | Found a staircase to the Depths.
 23644 | D:15     | Reached skill level 19 in Invocations
 24741 | D:12     | Acquired 592 gold pieces
 25155 | Lair:4   | Reached XP level 15. HP: 130/139 MP: 28/28
 25642 | Lair:5   | Entered Level 5 of the Lair of Beasts
 25715 | Lair:5   | Gained Hilgar as an ally
 25829 | Lair:5   | Reached skill level 10 in Shields
 25839 | Lair:5   | Gained Thorok as an ally
 25847 | Lair:5   | Your ally Arbolt died
 25852 | Lair:5   | Reached skill level 20 in Invocations
 26145 | Lair:5   | Found a staircase to the Slime Pits.
 26147 | Lair:5   | Found a viscous altar of Jiyva.
 26452 | Lair:5   | Reached ***** piety under Beogh
 26755 | Lair:5   | Got the Guidebook on the Underground Bane
 27344 | D:3      | Killed mopl's ghost
 27485 | D:7      | Killed Crazy Yiuf
 27606 | Orc:1    | Entered Level 1 of the Orcish Mines
 27790 | Orc:2    | Entered Level 2 of the Orcish Mines
 28184 | Orc:2    | Found a staircase to the Elven Halls.
 28292 | Orc:2    | Found Heickow's General Store.
 28292 | Orc:2    | Found Edulok's Jewellery Emporium.
 28293 | Orc:2    | Found Xiunwurgh's Magic Scroll Shoppe.
 28293 | Orc:2    | Found Hoplen's Armour Shop.
 28315 | Orc:2    | Gained Nordag as an ally
 28324 | Orc:2    | Your ally Nordag died
 28327 | Orc:2    | Reached skill level 21 in Invocations
 28328 | Orc:2    | Gained Bogbrand as an ally
 28335 | Orc:2    | Gained Orkwin as an ally
 28765 | Orc:2    | Bought 2 scrolls of acquirement for 1560 gold pieces
 28765 | Orc:2    | Acquired 657 gold pieces
 28767 | Orc:2    | Acquired a +0 broad axe of flaming
 28772 | Orc:2    | Bought a scroll of magic mapping for 105 gold pieces
 28772 | Orc:2    | Bought a wand of iceblast (2) for 67 gold pieces
 28773 | Orc:2    | Bought the ring "Fumuxeif" {rF+ Will+ SInv} for 604 gold
                  | pieces
 29096 | Swamp:1  | Entered Level 1 of the Swamp
 29233 | Swamp:2  | Gained Olfrun as an ally
 29411 | Swamp:2  | Identified the +0 robe "Vepyef" {Rampage rElec}
 29428 | Swamp:1  | Noticed a thorn hunter
 29463 | Swamp:1  | Killed a thorn hunter
 29835 | Swamp:1  | Found a transporter.
 29854 | Swamp:1  | Noticed Sermion's ghost (journeyman DsBe)
 29874 | Swamp:1  | Reached XP level 16. HP: 147/147 MP: 30/30
 30094 | Swamp:1  | Found a transporter.
 30262 | Swamp:1  | Your ally Orkwin died
 31075 | Swamp:2  | Identified the +0 leather armour of Discretion {Dex-5
                  | Slay+6}
 31534 | Swamp:2  | Noticed Frances
 31545 | Swamp:2  | Killed Frances
 32234 | Swamp:3  | Reached skill level 22 in Invocations
 32448 | Swamp:3  | HP: 3/147 [spriggan air mage/the air (9)]
 32448 | Swamp:3  | Mangled by a spriggan rider

Illustrated notes

Levels and vault maps discovered:
D:1:      dpeg_arrival_circle_labyrinth_c, layout_basic
D:2:      layout_basic, basic_altar, serial_shops, shop
D:3:      kennysheep_the_goblin_king, layout_loops_ring, jmf_multi_god_temple,
          gammafunk_ghost_necromancy, nicolae_ecumenical_pavilion,
          grunt_decor_cap
D:4:      layout_rooms, nemelex_dance_club_becter, serial_forest,
          infiniplex_forest_diagonal, infiniplex_forest_lined_2,
          infiniplex_forest_lined_room_2, infiniplex_forest_lined_ring,
          infiniplex_forest_clump_double, infiniplex_forest_clump_double
D:5:      layout_basic, mainiacjoe_overflow_24_doors,
          minmay_temple_entry_offerings, minivault_19, grunt_ministairs_8
D:6:      layout_layer_cave, kennysheep_little_box, kennysheep_cross_room,
          grunt_decor_one_mirror, roderic_lattice_a
D:7:      layout_loops_cross, enter_bailey_2, uniq_joseph, uniq_menkaure,
          uniq_crazy_yiuf_cottage, uniq_duvessa
D:8:      layout_basic, david_lair_shrubbed
D:9:      layout_irregular_city, minivault_5, uniq_harold
D:10:     layout_irregular_city, david_orc_2
D:11:     kennysheep_windowed_halls, layout_basic
D:12:     layout_cross, serial_column_ruins, column_ruins_columns_straight,
          column_ruins_corridor_straight, column_ruins_open_tiny,
          column_ruins_open_medium, dreamdust_deal_with_the_devil
D:13:     layout_roguey, nicolae_trove_entry_columns,
          ebering_ghost_reflecting_pool, uniq_erolcha
D:14:     layout_loops_ring, grunt_vaults_entry_fortified,
          hangedman_glass_teeth, lightli_minifort
D:15:     grunt_enter_depths_hoard, layout_irregular_city,
          evilmike_ruin_ashenzari
Temple:   minmay_crystal_spiral_temple
Lair:1:   layout_chaotic_city, basic_altar
Lair:2:   layout_chaotic_city, swamp_mist_pool
Lair:3:   layout_misc_corridors, nicolae_spider_entry_lesser_pyramids,
          kennysheep_abandoned_house, uniq_gastronok
Lair:4:   layout_regular_city, lemuel_fruit_fields
Lair:5:   evilmike_catoblepas_cave, layout_gridlike, minmay_slime_entry_pillars,
          st_stairs_5, serial_bayou_lagoon_b
Swamp:1:  layout_falls_marsh, gammafunk_ghost_berserking_beasts,
          evilmike_swamp_ruin_rubble_2, swamp_pool3,
          nicolae_swamp_alligator_family, infiniplex_staircase_pool
Swamp:2:  layout_basic_swamp, evilmike_swamp_ruin_rubble_1, swamp_pool1,
          uniq_frances
Swamp:3:  layout_falls_marsh, ebering_ghost_inner_flame, serial_swamp_ruin,
          evilmike_swamp_ruin_house_3, evilmike_swamp_ruin_house_2
Orc:1:    layout_caves
Orc:2:    st_orc_ogre_mass, layout_caves

Skill      XL: |  1  2  3  4  5  6  7  8  9 10 11 12 13 14 15 16 |
---------------+-------------------------------------------------+-----
Armour         | 1 3 5 7 9 |  9.0
Fighting       | 3 4 5 6 7 8 10 11 12 14 | 14.4
Axes           | 5 6 7 8 10 11 13 14 16 | 16.8
Evocations     | 3 4 5 |  5.0
Throwing       | 2 |  2.2
Shields        | 7 8 9 12 13 | 13.2
Invocations    | 2 10 17 19 21 22 | 22.0
Dodging        | |  2.4

Action                     |  1- 3 |  4- 6 |  7- 9 | 10-12 | 13-15 | 16-18 || total
---------------------------+-------+-------+-------+-------+-------+-------++-------
  Melee: War axe           |    96 |    97 |       |       |   637 |       ||   830
         Punch             |     1 |       |     5 |     3 |       |       ||     9
         Battleaxe         |       |     5 |       |       |       |       ||     5
         Hand axe          |       |    23 |   253 |   606 |   160 |       ||  1042
         Unarmed           |       |     8 |       |       |       |       ||     8
         Mace              |       |       |       |     8 |    16 |       ||    24
         Trident           |       |       |       |       |     5 |       ||     5
         Broad axe         |       |       |       |       |    83 |   187 ||   270
   Fire: Sling             |       |     8 |     1 |       |       |       ||     9
         Shortbow          |       |       |       |     2 |       |       ||     2
  Throw: Throwing net      |     1 |     3 |     2 |       |       |       ||     6
         Dart              |     2 |    30 |    18 |    27 |    57 |     3 ||   137
         Javelin           |       |     2 |       |     3 |     1 |       ||     6
         Stone             |       |     1 |     5 |       |       |       ||     6
         Boomerang         |       |       |       |    17 |    14 |       ||    31
 Invoke: Convert to Beogh  |       |       |     1 |       |       |       ||     1
         Smiting           |       |       |       |     1 |    22 |     3 ||    26
         Recall Orcish Fol |       |       |       |       |     6 |     3 ||     9
         Stop Recall       |       |       |       |       |     1 |     2 ||     3
         Give Item to Name |       |       |       |       |     2 |       ||     2
Ability: Evoke Blink       |       |       |     1 |       |       |       ||     1
  Evoke: Wand              |       |       |     2 |    13 |    15 |       ||    30
         Phantom mirror    |       |       |       |       |     1 |       ||     1
    Use: Potion            |       |     4 |     3 |     8 |     7 |     1 ||    23
         Scroll            |       |     5 |     8 |     9 |    15 |       ||    37
   Stab: Held in net/web   |       |     1 |     1 |       |       |       ||     2
         Invisible         |       |       |       |     4 |       |       ||     4
         Distracted        |       |       |       |       |     6 |     1 ||     7
         Petrified         |       |       |       |       |     4 |       ||     4
         Confused          |       |       |       |       |     1 |       ||     1
 Armour: Scale mail        |    40 |    54 |       |       |       |       ||    94
         Skin              |       |    12 |       |     3 |       |       ||    15
         Chain mail        |       |       |    91 |   219 |   499 |   108 ||   917
  Dodge: Dodged            |    47 |    56 |    58 |   128 |   261 |    56 ||   606
  Block: Other             |       |       |    41 |    26 |       |       ||    67
         Reflection        |       |       |     4 |    11 |    35 |       ||    50
         Buckler           |       |       |       |   192 |   461 |     7 ||   660
         Kite shield       |       |       |       |       |       |    90 ||    90

Table legend: (Time is in decaauts)
 A = Elapsed time spent in this place.
 B = Non-inter-level travel time spent in this place.
 C = Inter-level travel time spent in this place.
 D = Time resting spent in this place.
 E = Time spent auto-exploring this place.
 F = Levels seen in this place.
 G = Mean time per level.
                   A        B        C        D        E       F      G
               +--------+--------+--------+--------+--------+-----+--------+
         Total |  32327 |  29853 |   2474 |   9409 |  12382 |  27 | 1197.3 |
       Dungeon |  20340 |  18698 |   1642 |   5433 |   7924 |  15 | 1356.0 |
        Temple |    211 |    128 |     83 |      0 |    111 |   1 |  211.0 |
          Lair |   7240 |   6684 |    556 |   2055 |   2991 |   5 | 1448.0 |
         Swamp |   3294 |   3184 |    110 |   1656 |    781 |   3 | 1098.0 |
  Orcish Mines |   1184 |   1102 |     82 |    265 |    574 |   2 |  592.0 |
        Bailey |     56 |     56 |      0 |      0 |      0 |   1 |   56.0 |
               +--------+--------+--------+--------+--------+-----+--------+

Top non-repeatable levels by time:
    D:15: 2195 daAuts
    D:11: 2127 daAuts
    D:14: 1948 daAuts
  Lair:3: 1915 daAuts
     D:8: 1670 daAuts
     D:6: 1616 daAuts
    D:13: 1557 daAuts
 Swamp:1: 1491 daAuts
  Lair:1: 1462 daAuts
     D:5: 1461 daAuts
     D:9: 1451 daAuts
  Lair:5: 1400 daAuts
 Swamp:2: 1395 daAuts
    D:10: 1323 daAuts
  Lair:2: 1237 daAuts
